 Dungeon Crawl Stone Soup version 0.30-a0-354-g6b83867211 (webtiles) character file.

Game seed: 17282863358314214251

5896 p00ps00p the Cleaver (level 10, -10/93 HPs)
             Began as a Hill Orc Fighter on Nov 8, 2022.
             Was an Initiate of Gozag.
             Mangled by a black mamba (shapeshifter) (13 damage)
             ... on level 9 of the Dungeon.
             The game lasted 00:23:50 (14515 turns).

p00ps00p the Cleaver (Hill Orc Fighter)            Turns: 14515, Time: 00:23:52

Health: -10/93     AC: 10    Str: 24    XL:     10   Next: 82%
Magic:  10/10      EV: 10    Int:  8    God:    Gozag
Gold:   731        SH:  8    Dex: 18    Spells: 9/9 levels left

rFire   . . .      SeeInvis .    a - +1 war axe (chaos)
rCold   . . .      Faith    .    c - +1 buckler
rNeg    . . .      Spirit   .    A - +0 ring mail of Ignis's Anger {Dex+2}
rPois   .          Reflect  .    o - +2 hat
rElec   .          Harm     .    (no cloak)
rCorr   +          Rampage  .    u - +0 pair of gloves
Will    .....                    (no boots)
Stlth   +.........               (no amulet)
HPRegen 0.35/turn                d - +6 ring of dexterity
MPRegen 0.12/turn                g - ring of resist corrosion

@: lethally poisoned (-10 -> -19)
A: no striking features
a: Renounce Religion, Potion Petition, Call Merchant, Bribe Branch


You were on level 9 of the Dungeon.
You worshipped Gozag.
Gozag was pleased with you.
You visited 2 branches of the dungeon, and saw 10 of its levels.

You collected 840 gold pieces.
You paid 109 gold pieces to Gozag.

Inventory:

Hand Weapons
 a - a +1 war axe of chaos (weapon)
Missiles
 v - 4 silver javelins (quivered)
Armour
 c - a +1 buckler (worn)
 o - a +2 hat (worn)
 u - a +0 pair of gloves (worn)
 A - the +0 ring mail of Ignis's Anger (worn) {Dex+2}
   (You found it on level 6 of the Dungeon)

   Dex:       It affects your dexterity (+2).
Jewellery
 d - a +6 ring of dexterity (left hand)
 e - a ring of ice
 g - a ring of resist corrosion (right hand)
 j - a ring of fire
Wands
 h - a wand of roots (10)
 r - a wand of digging (7)
 w - a wand of flame (8)
 B - a wand of charming (10)
Scrolls
 f - 3 scrolls of vulnerability
 y - a scroll of magic mapping
Potions
 i - 2 potions of mutation
 k - 2 potions of brilliance
 l - 4 potions of berserk rage
 p - a potion of magic
 q - 5 potions of lignification
 s - a potion of haste
 C - a potion of degeneration
 D - a potion of cancellation {unknown}


   Skills:
 + Level 10.3 Fighting
 + Level 10.7 Axes
 + Level 9.4 Armour
 + Level 9.4 Shields


You had 9 spell levels left.
You didn't know any spells.
Your spell library contained the following spells:

 Spells                   Type           Power      Damage    Failure   Level
 Apportation              Tloc           0%         N/A       58%         1
 Foxfire                  Conj/Fire      0%         2x1d4     58%         1
 Necrotise                Necr           0%         1d4       58%         1
 Summon Small Mammal      Summ           0%         N/A       58%         1
 Dazzling Flash           Conj/Hex       0%         N/A       92%         3
 Iskenderun's Mystic Bla  Conj/Tloc      0%         2d3       100%        4
 Fireball                 Conj/Fire      0%         3d3       100%        5
 Starburst                Conj/Fire      0%         6d3       100%        6


Dungeon Overview and Level Annotations

Branches:
Dungeon (9/15)             Temple (1/1) D:7
   Lair: D:8-11         Orc: D:9-12

Altars:
Cheibriados
Dithmenos
Elyvilon
Fedhas
Gozag
Hepliaklqana
Kikubaaqudgha
Makhleb
Nemelex Xobeh
Okawaru
Qazlal
Ru
Sif Muna
Trog
Uskayaw
Wu Jian
Yredelemnul
Zin
The Shining One


Message History

* * * LOW HITPOINT WARNING * * *
You feel sick. The black mamba completely misses you.
The black mamba misses you.
You feel sick. The black mamba misses you.
You feel sick.
You feel sick. The black mamba barely misses you.
You miss the black mamba.
The black mamba is heavily wounded.
The black mamba bites you but does no damage.
The black mamba bites you!
* * * LOW HITPOINT WARNING * * *
You hit the black mamba but do no damage.
The black mamba is heavily wounded.
You feel less invigorated.
You feel less confused.
You feel sick. You block the black mamba's attack. x2
You barely miss the black mamba.
The black mamba is heavily wounded.
The black mamba bites you.
* * * LOW HITPOINT WARNING * * *
You miss the black mamba.
The black mamba is heavily wounded.
You feel sick.
You are no longer poisoned.
The black mamba bites you.
* * * LOW HITPOINT WARNING * * *
You are poisoned.
The black mamba poisons you! The black mamba barely misses you.
Aiming: Corrosive Bolt
Press: ? - help, Q - select action, (/) - cycle Shift-Dir - straight line, f - black mamba
Aim: a black mamba shaped shifter (heavily wounded, 53% to hit)
The bolt of acid hits the black mamba!
The acid corrodes the black mamba!
The black mamba is severely wounded.
The now-empty wand crumbles to dust.
You feel very sick. The black mamba bites you!
* * * LOW HITPOINT WARNING * * *
The black mamba bites you!
You die...
Your body crumbles into a pile of gold.

###########
...........
#.....#
#....@# $
#....S#
#)....#
#))...#
#.)...#
#)....##.
#.$.......
#.#######..
#.'.....#


You could see a black mamba shaped shifter (corroded).

Vanquished Creatures
  2 two-headed ogres
  2 wyverns
  3 yaks (D:7)
  Menkaure (D:5)
  3 water moccasins
  A sky beast (D:7)
  2 black bears
  3 orc warriors
  3 ogres
  A phantom (D:5)
  Blork the orc (D:5)
  4 kobold brigands
  5 necrophages
  4 bullfrogs
  4 scorpions
  6 wights
  5 howler monkeys
  4 electric eels (D:7)
  3 hounds
  A gnoll bouda (D:6)
  5 orc priests
  Jessica (D:2)
  5 iguanas
  7 orc wizards
  8 gnolls
  6 adders
  A shadow imp (D:5)
  2 white imps (D:8)
  3 ufetubi
  3 dart slugs (D:1)
  A worm (D:3)
  40 orcs
  4 endoplasms
  3 giant cockroaches
  8 goblins
  8 hobgoblins
  3 jackals (D:2)
  2 quokkas (D:1)
  9 ball pythons
  10 bats
  3 frilled lizards
  16 kobolds
  6 rats
212 creatures vanquished.

Vanquished Creatures (others)
  13 plants
13 creatures vanquished.

Grand Total: 225 creatures vanquished

Notes
Turn   | Place    | Note
-------+----------+-------------------------------------------
     0 | D:1      | p00ps00p the Hill Orc Fighter began the quest for the Orb.
     0 | D:1      | Reached XP level 1. HP: 19/19 MP: 1/1
   119 | D:1      | Reached XP level 2. HP: 27/27 MP: 2/2
   281 | D:1      | Reached XP level 3. HP: 28/33 MP: 3/3
  1077 | D:2      | Found a faded altar of an unknown god.
  1110 | D:2      | Reached XP level 4. HP: 40/41 MP: 4/4
  1221 | D:2      | Noticed Jessica
  1230 | D:2      | Killed Jessica
  1807 | D:3      | Reached XP level 5. HP: 27/47 MP: 5/5
  2550 | D:4      | Reached skill level 5 in Fighting
  2566 | D:4      | Reached XP level 6. HP: 42/56 MP: 6/6
  2761 | D:4      | Noticed a black bear
  2769 | D:4      | Killed a black bear
  2770 | D:4      | Reached skill level 5 in Axes
  2856 | D:4      | Identified the +8 short sword of the Hairy God {vorpal,
                  | Str+4}
  2873 | D:4      | Reached skill level 5 in Armour
  2873 | D:4      | Reached skill level 5 in Shields
  2873 | D:4      | Reached XP level 7. HP: 6/61 MP: 7/7
  3557 | D:5      | Entered Level 5 of the Dungeon
  3579 | D:5      | Found a bloodstained altar of Trog.
  3627 | D:5      | Noticed Menkaure
  3630 | D:5      | Killed Menkaure
  4006 | D:5      | Noticed Blork the orc
  4015 | D:5      | Killed Blork the orc
  4401 | D:5      | Reached XP level 8. HP: 70/71 MP: 8/8
  4630 | D:5      | Found a hazy altar of Hepliaklqana.
  5581 | D:6      | Found a shadowy altar of Dithmenos.
  5919 | D:6      | Reached XP level 9. HP: 54/79 MP: 9/9
  6177 | D:6      | Identified the +0 ring mail of Ignis's Anger {Dex+2}
  6969 | D:6      | Found a shimmering blue altar of Sif Muna.
  7209 | D:7      | HP: 2/80 [electric eel/bolt of electricity (12)]
  7992 | D:7      | Found a glowing golden altar of the Shining One.
  9232 | D:7      | Found a staircase to the Ecumenical Temple.
  9352 | Temple   | Entered the Ecumenical Temple
  9359 | Temple   | Became a worshipper of Gozag Ym Sagoz the Greedy
 10337 | D:8      | Noticed a two-headed ogre
 10350 | D:7      | Killed a two-headed ogre
 10747 | D:7      | Reached XP level 10. HP: 71/91 MP: 10/10
 12929 | D:7      | Reached skill level 10 in Axes
 13654 | D:8      | Reached skill level 10 in Fighting
 13876 | D:8      | Found a basalt altar of Yredelemnul.
 13971 | D:8      | Found a hide-covered altar of Uskayaw.
 14371 | D:9      | Noticed a two-headed ogre
 14380 | D:9      | Killed a two-headed ogre
 14495 | D:9      | a shapeshifter changed into a black mamba
 14495 | D:9      | Noticed a black mamba (shapeshifter)
 14515 | D:9      | HP: 3/93 [black mamba (shapeshifter) (12)]
 14515 | D:9      | Mangled by a black mamba (shapeshifter)

Illustrated notes

Levels and vault maps discovered:
D:1:      lemuel_arrival_lava_pool, layout_basic, serial_curves, eino_curves_04,
          eino_curves_02, minmay_misc_feat_roman, minmay_tiny_reverse_x
D:2:      layout_basic, serial_rivers, chequers_serial_rivers_room_a,
          chequers_serial_rivers_micro_a, chequers_serial_rivers_micro_d,
          chequers_serial_rivers_small_a, chequers_serial_rivers_micro_a,
          ebering_ecumenical_altar_rust, st_stairs_13, uniq_jessica
D:3:      cheibrodos_pilgrimage, layout_loops_cross
D:4:      layout_loops_ring
D:5:      layout_loops_corners, mainiacjoe_overflow_tiny_flanked,
          nzn_hepliaklqana_mist_gate, uniq_blork_the_orc, uniq_menkaure
D:6:      nicolae_cairo_tiling, layout_rooms, mainiacjoe_overflow_brackets,
          nicolae_sif_muna_condensation, minmay_chambers_of_fives
D:7:      layout_loops_cross, tso_metal_star, minmay_temple_entry_nine_rooms,
          chequers_big_river, serial_bayou_lagoon_a
D:8:      minmay_spotlight, layout_rooms, mainiacjoe_overflow_six_doors_small,
          nicolae_uskayaw_suspiria, chequers_jeans, sigmund_army
D:9:      layout_stronghold, ashenzari_altar_1, serial_bayou,
          serial_bayou_pond_b, serial_bayou_pond_d, serial_bayou_pond_a,
          serial_bayou_pond_b, minmay_fractal_squares_gapless_5, uniq_maggie
Temple:   nicolae_temple_bog_church

Skill      XL: |  1  2  3  4  5  6  7  8  9 10 |
---------------+-------------------------------+-----
Axes           | 3 4 5 6 7 9 10 | 10.7
Fighting       | 4 5 6 7 9 10 | 10.3
Armour         | 4 5 6 8 9 |  9.4
Shields        | 4 5 6 8 9 |  9.4

Action                   |  1- 3 |  4- 6 |  7- 9 | 10-12 || total
-------------------------+-------+-------+-------+-------++-------
Melee: War axe           |    78 |   138 |   293 |   144 ||   653
Evoke: Wand              |       |     3 |    14 |     3 ||    20
  Use: Scroll            |       |     7 |     1 |    14 ||    22
       Potion            |       |     1 |     7 |     2 ||    10
 Stab: Petrified         |       |       |       |     9 ||     9
       Distracted        |       |       |       |     2 ||     2
Armor: Scale mail        |    55 |    96 |    84 |       ||   235
       Ring mail         |       |       |    68 |    62 ||   130
Dodge: Dodged            |    39 |    66 |   163 |    94 ||   362
Block: Buckler           |    24 |    33 |    89 |    74 ||   220

Table legend: (Time is in decaauts)
 A = Elapsed time spent in this place.
 B = Non-inter-level travel time spent in this place.
 C = Inter-level travel time spent in this place.
 D = Time resting spent in this place.
 E = Time spent auto-exploring this place.
 F = Levels seen in this place.
 G = Mean time per level.
                   A        B        C        D        E       F      G
               +--------+--------+--------+--------+--------+-----+--------+
         Total |  14708 |  14474 |    234 |   7185 |   5181 |  10 | 1470.8 |
       Dungeon |  14520 |  14293 |    227 |   7185 |   5016 |   9 | 1613.3 |
        Temple |    187 |    181 |      6 |      0 |    165 |   1 |  187.0 |
               +--------+--------+--------+--------+--------+-----+--------+

Top non-repeatable levels by time:
     D:7: 5375 daAuts
     D:6: 2380 daAuts
     D:5: 1979 daAuts
     D:4: 1112 daAuts
     D:1: 942 daAuts
     D:2: 801 daAuts
     D:3: 782 daAuts
     D:8: 650 daAuts
     D:9: 496 daAuts
  Temple: 187 daAuts
